 Dungeon Crawl Stone Soup version 0.29.1-2-gbd0b4ee654 (webtiles) character file.

Game seed: 5144641755653004099

84 LustLizard the Gusty (level 4, -1/22 HPs)
             Began as a Spriggan Air Elementalist on Nov 21, 2022.
             Slain by a hound (5 damage)
             ... on level 4 of the Dungeon.
             The game lasted 00:07:29 (3635 turns).

LustLizard the Gusty (Spriggan Air Elementalist)    Turns: 3635, Time: 00:07:29

Health: -1/22      AC:  2    Str:  6    XL:     4   Next: 24%
Magic:  0/10       EV: 17    Int: 16    God:
Gold:   77         SH:  0    Dex: 15    Spells: 3/9 levels left

rFire   . . .      SeeInvis +   f - +0 dagger
rCold   . . .      Faith    .   (no shield)
rNeg    . . .      Spirit   .   a - +0 robe
rPois   .          Reflect  .   (helmet restricted)
rElec   .          Harm     .   (no cloak)
rCorr   .          Rampage  .   (gloves unavailable)
Will    .....                   (boots unavailable)
Stlth   ++........              (no amulet)
HPRegen 0.07/turn               (no ring)
MPRegen 0.12/turn               (no ring)

@: very quick
A: very small, no large weapons, unfitting armour, see invisible, speed 3
a: no special abilities


You were on level 4 of the Dungeon.
You visited 1 branch of the dungeon, and saw 4 of its levels.

You collected 194 gold pieces.
You spent 117 gold pieces at shops.

Inventory:

Hand Weapons
 f - a +0 dagger (weapon)
Armour
 a - a +0 robe (worn)
Wands
 s - a wand of paralysis (8)
Scrolls
 c - a scroll of magic mapping
 d - a scroll of silence {unknown}
 e - 4 scrolls of identify
 g - a scroll of enchant armour {unknown}
 i - a scroll of enchant weapon {unknown}
 j - a scroll of amnesia {unknown}
 k - a scroll of noise {unknown}
 n - a scroll of teleportation {unknown}
 o - a scroll of summoning {unknown}
 p - a scroll of vulnerability {unknown}
 q - a scroll of butterflies {unknown}
Potions
 b - 3 potions of magic
 h - a potion of cancellation
 l - a potion of heal wounds {unknown}
 m - 2 potions of lignification {unknown}
 r - a potion of berserk rage {unknown}
 t - a potion of degeneration {unknown}


   Skills:
 + Level 1.0 Fighting
 - Level 2.6 Dodging
 - Level 3.0 Stealth
 + Level 3.3 Spellcasting
 * Level 1.7 Conjurations
 * Level 3.4 Air Magic
 * Level 0.5 Evocations


You had 3 spell levels left.
You knew the following spells:

 Your Spells              Type           Power      Damage    Failure   Level
a - Shock                 Conj/Air       40%        1d5       6%          1
b - Mephitic Cloud        Conj/Pois/Air  8%         N/A       26%         3
c - Poisonous Vapours     Pois/Air       16%        N/A       14%         2

Your spell library contained the following spells:

 Spells                   Type           Power      Damage    Failure   Level
 Magic Dart               Conj           32%        1d4       9%          1
 Static Discharge         Conj/Air       10%        3-5/arc   10%         2
 Swiftness                Air            13%        N/A       13%         3
 Call Imp                 Summ           2%         N/A       26%         2
 Ensorcelled Hibernation  Hex/Ice        4%         N/A       26%         2
 Passwall                 Tmut/Erth      1%         N/A       26%         2
 Scorch                   Fire           4%         2d5       26%         2
 Vampiric Draining        Necr           2%         2d6       47%         3
 Airstrike                Air            6%         2d(1-17)  41%         4
 Flame Wave               Conj/Fire      5%         2d5       77%         4
 Silence                  Hex/Air        4%         N/A       94%         5
 Summon Cactus Giant      Summ           1%         N/A       100%        6
 Maxwell's Capacitive Co  Air            6%         ∞         100%        8


Dungeon Overview and Level Annotations

Branches:
Dungeon (4/15)
 Temple: D:4-7

Altars:
Fedhas
Nemelex Xobeh

Shops:
D:3 *


Innate Abilities, Weirdness & Mutations

You are very small and have problems with some larger weapons.
You are too small for most types of armour.
You have supernaturally acute eyesight. (SInv)
You cover ground extremely quickly. (Speed+++)


Message History

A hobgoblin comes into view.
The hound bites you. The ufetubus misses you. The ufetubus closely misses you.
Casting: Poisonous Vapours (safe; 14% risk of failure)
Confirm with . or Enter, or press ? or * to list all spells.
Aiming: Poisonous Vapours (safe; 14% risk of failure)
Press: ? - help, Dir - move target, f/p - hound
Aim: a hound (lightly wounded, poisoned) Poisonous vapours surround the hound!
The hound looks even sicker.
The ufetubus hits you. x2; The hound bites you but does no damage.
An orc comes into view. It is wielding a +0 club.
Unknown command.
Casting: Poisonous Vapours (safe; 14% risk of failure)
Confirm with . or Enter, or press ? or * to list all spells.
You don't have enough magic to cast this spell.
Unknown command.
Okay, then.
Casting: Poisonous Vapours (safe; 14% risk of failure)
Confirm with . or Enter, or press ? or * to list all spells.
Aiming: Shock (safe; 6% risk of failure)
Press: ? - help, Shift-Dir - straight line, f - hobgoblin, p - hound
Aim: a hobgoblin (68% to hit)
The zap hits the hound.
The hound is heavily wounded.
The zap hits the hobgoblin.
The hobgoblin is lightly wounded.
The ufetubus closely misses you. x2; The hound completely misses you. x2
The ufetubus closely misses you. The ufetubus misses you.
You hit the hound but do no damage.
The hound is severely wounded.
The hound bites you. The ufetubus closely misses you. The ufetubus misses you.
You hit the hound but do no damage.
The hound is severely wounded.
The hound bites you. The ufetubus misses you. The ufetubus closely misses you.
The hound misses you. The ufetubus hits you.
* * * LOW HITPOINT WARNING * * *
The ufetubus misses you.
You barely miss the hound.
The hound is heavily wounded.
The hound bites you.
You die...

......#.....# *,,,*,,***,*,*
.h..#.g.#*#.# **,,**,* *,*,****
#.#.##.## #.# *,,**,***,,,,,,,
#.#†##.####.######,,,,,,,,,*****,
#.#.##...g.).....#,,,,,,,,,* *,
#.#.##.####.####.#,,*,,,,,,** *,
#.#h##.# #.# #g#,,*,***,,,* *,
.......# #.# #5#,,*,***,,,****,
.......# #.# #@#,,,,,,,,,,,,,,,
.......####.# #h#*,*,****,,,,,**
.<..........# #g#*,*,* *,***,**
....[..######**#o.,,,,****,* *,,,
...........,,,,...,,,,,,,,,***,**
.......####****####,******,,,,,**
######## *,,,,,,,,,,,,,,
*,*******,,,*** *,,,,,,,,,,**


You could see a hound (very poisoned), an orc, an ufetubus, a hobgoblin and a
goblin.

Vanquished Creatures
  An adder (D:3)
  A gnoll (D:2)
  2 worms (D:2)
  2 dart slugs
  4 ball pythons
  5 bats
  4 endoplasms
  3 giant cockroaches
  6 goblins
  8 hobgoblins
  2 quokkas (D:2)
  A frilled lizard (D:1)
  5 kobolds
  7 rats
51 creatures vanquished.

Notes
Turn   | Place    | Note
-------+----------+-------------------------------------------
     0 | D:1      | LustLizard the Spriggan Air Elementalist began the quest
                  | for the Orb.
     0 | D:1      | Reached XP level 1. HP: 9/9 MP: 5/5
    88 | D:1      | Found a faded altar of an unknown god.
   376 | D:1      | Reached skill level 1 in Conjurations
   393 | D:1      | Reached XP level 2. HP: 13/13 MP: 3/6
  1051 | D:2      | Reached XP level 3. HP: 17/17 MP: 2/8
  1599 | D:2      | Got Hogiotext's Compilation of the Apothecary
  1620 | D:2      | Found a sparkling altar of Nemelex Xobeh.
  2877 | D:3      | Found a blossoming altar of Fedhas.
  3003 | D:3      | Reached skill level 1 in Fighting
  3029 | D:3      | Found Borreq's Assorted Antiques.
  3033 | D:3      | Bought a scroll labelled YFIHO BONU for 24 gold pieces
  3033 | D:3      | Bought a scroll labelled CUOTSO TUDEB for 24 gold pieces
  3033 | D:3      | Bought a scroll labelled CAOT JADON for 24 gold pieces
  3033 | D:3      | Bought a scroll labelled LUTOCO RIDU for 24 gold pieces
  3033 | D:3      | Bought a ruby potion for 21 gold pieces
  3096 | D:3      | Reached XP level 4. HP: 22/22 MP: 7/9
  3220 | D:3      | Learned a level 3 spell: Mephitic Cloud
  3223 | D:3      | Learned a level 2 spell: Poisonous Vapours
  3600 | D:4      | Noticed a black bear
  3635 | D:4      | Slain by a hound

Illustrated notes

Levels and vault maps discovered:
D:1:      psy_arrival_terrarium, layout_basic, basic_ecumenical_altar
D:2:      layout_loops_ring, basic_altar, st_stairs_4, grunt_ministairs_7,
          kennysheep_minor_cross, minmay_misc_feat_nine_boxes,
          minmay_fountain_box, nicolae_concentric_dashed_squares_wild,
          minmay_distorted
D:3:      layout_loops_cross, mainiacjoe_overflow_six_doors_small, serial_shops,
          shop
D:4:      layout_loops_ring, nicolae_sif_muna_condensation,
          nicolae_ossuary_entry_giza

Skill      XL: |  1  2  3 |
---------------+----------+-----
Conjurations   | 1 |  1.7
Spellcasting   | 3 |  3.3
Air Magic      | 3 |  3.4
Fighting       | 1 |  1.0
Dodging        | |  2.6
Stealth        | |  3.0
Evocations     | |  0.5

Action                   |  1- 3 |  4- 6 || total
-------------------------+-------+-------++-------
Melee: Dagger            |    13 |     3 ||    16
 Cast: Shock             |   130 |    14 ||   144
       Poisonous Vapours |       |     2 ||     2
  Use: Scroll            |     1 |     1 ||     2
 Stab: Sleeping          |     1 |       ||     1
Armor: Robe              |     6 |     3 ||     9
Dodge: Dodged            |    14 |    17 ||    31
